 Dungeon Crawl Stone Soup version 0.28.0-45-g0d030f2227 (webtiles) character file.

Game seed: 17964975395340898894

41 101zpm the Caller (level 3, 0/19 HPs)
             Began as a Kobold Summoner on Apr 20, 2022.
             Slain by a goblin
             ... wielding a +0 dagger
             ... led by Robin
              (3 damage)
             ... on level 1 of the Dungeon.
             The game lasted 00:03:33 (2529 turns).

101zpm the Caller (Kobold Summoner)                 Turns: 2529, Time: 00:03:34

Health: 0/19       AC:  2    Str:  5    XL:     3   Next: 75%
Magic:  3/7        EV: 15    Int: 18    God:
Gold:   42         SH:  0    Dex: 15    Spells: 6/7 levels left

rFire   . . .      SeeInvis .   (weapon restricted)
rCold   . . .      Faith    .   (no shield)
rNeg    . . .      Spirit   .   a - +0 robe
rPois   .          Reflect  .   (no helmet)
rElec   .          Harm     .   (no cloak)
rCorr   .          Rampage  .   (no gloves)
Will    .....                   (no boots)
Stlth   +++.......              (no amulet)
HPRegen 0.06/turn               (no ring)
MPRegen 0.10/turn               (no ring)

@: no status effects
A: small, no large weapons, nightstalker 3
a: no special abilities


You were on level 1 of the Dungeon.
You visited 1 branch of the dungeon, and saw 2 of its levels.

You collected 42 gold pieces.

Inventory:

Armour
 a - a +0 robe (worn)
Jewellery
 b - a ring of poison resistance
Scrolls
 c - a scroll of identify {unknown}
 e - a scroll of vulnerability {unknown}
Potions
 d - a potion of curing {unknown}


   Skills:
 + Level 0.1 Fighting
 + Level 2.6 Dodging
 + Level 3.2 Stealth
 + Level 0.8 Unarmed Combat
 + Level 2.7 Spellcasting
 + Level 4.4 Summonings


You had 6 spell levels left.
You knew the following spells:

 Your Spells              Type           Power      Damage    Failure   Level
a - Summon Small Mammal   Summ           72%        N/A       2%          1

Your spell library contained the following spells:

 Spells                   Type           Power      Damage    Failure   Level
 Call Imp                 Summ           18%        N/A       4%          2
 Call Canine Familiar     Summ           18%        N/A       9%          3
 Summon Guardian Golem    Hex/Summ       10%        N/A       21%         3
 Summon Lightning Spire   Summ/Air       10%        N/A       56%         4


Dungeon Overview and Level Annotations

Branches:
Dungeon (2/15)

Altars:

Annotations:
D:2 Robin


Innate Abilities, Weirdness & Mutations

You are small and have problems with some larger weapons.
You are completely attuned to the shadows.


Message History

The goblin misses you. The goblin barely misses you. The goblin misses you.
The goblin hits you with a +0 dagger. The goblin misses you.
There is a stone staircase leading up here.
The goblin shouts! x2
Robin throws the goblin at you!
The goblin hits you with a +0 dagger. x2
The goblin barely misses you. The goblin closely misses you.
The goblin barely misses you.
You climb upwards.
There is a stone staircase leading down here.
Casting: Summon Small Mammal (safe; 2% risk of failure)
Press: ? - help, Q - select action Dir - look around, f - activate The goblin hits you but does no damage.
The goblin hits your quokka with a +0 dagger.
The goblin closely misses you.
Casting: Summon Small Mammal (safe; 2% risk of failure)
Press: ? - help, Q - select action Dir - look around, f - activate Nothing appears to happen.
The goblin hits you with a +0 dagger.
The goblin hits your quokka with a +0 dagger.
Your quokka barely misses the goblin.
The goblin misses you.
You barely miss the goblin. The goblin closely misses you.
Your quokka bites the goblin.
The goblin hits your quokka with a +0 dagger.
The goblin hits you with a +0 dagger.
Casting: Summon Small Mammal (safe; 2% risk of failure)
Press: ? - help, Q - select action Dir - look around, f - activate Nothing appears to happen.
The goblin misses you.
Your quokka bites the goblin.
The goblin dies!
The goblin hits you with a +0 dagger.
Unknown command.
Unknown command.
Casting: Summon Small Mammal (safe; 2% risk of failure)
Press: ? - help, Q - select action Dir - look around, f - activate The goblin hits you with a +0 dagger.
* * * LOW HITPOINT WARNING * * *
Your quokka barely misses the goblin.
The goblin hits you but does no damage.
Your bat hits the goblin. Your quokka misses the goblin.
The goblin hits you with a +0 dagger.
You die...

...........................#...#.
...###..#####.##.###.####......#.
...###..# #..#.# #.####.#......
...#....# ###.#.# #...........##
...#....####.#...# #....#........
...#.......#.##b.# #....#.#.#....
...##......#.##)r# #....###.#...#
.........†.#.###g###....###.#...#
#####.....r#.# #@gg.............#
..# #...r..#.# #######.######....
#####......#.# #...............#
.##.#......#.# ######.####.#...#
.##.###.####.# #...........
.............# #.###.)#...#
.##.###.###### #.##........
.##.###.# #.###....... .##.....#
#.# #.##.###


You could see 3 goblins, a friendly quokka (summoned) and a friendly bat
(summoned).

Vanquished Creatures
  3 endoplasms (D:1)
  2 hobgoblins (D:1)
  3 ball pythons (D:1)
8 creatures vanquished.

Vanquished Creatures (collateral kills)
  A gnoll (D:1)
  2 bats (D:1)
  3 endoplasms (D:1)
  A giant cockroach (D:1)
  2 hobgoblins (D:1)
  A quokka (D:1)
  5 ball pythons (D:1)
  2 frilled lizards (D:1)
  3 goblins (D:1)
  A kobold (D:1)
  A rat (D:1)
22 creatures vanquished.

Grand Total: 30 creatures vanquished

Notes
Turn   | Place    | Note
-------+----------+-------------------------------------------
     0 | D:1      | 101zpm the Kobold Summoner began the quest for the Orb.
     0 | D:1      | Reached XP level 1. HP: 10/10 MP: 3/3
   179 | D:2      | Noticed Robin
   601 | D:1      | Reached XP level 2. HP: 15/15 MP: 3/5
  1021 | D:1      | Reached XP level 3. HP: 5/19 MP: 2/7
  1404 | D:1      | Found a faded altar of an unknown god.
  2529 | D:1      | Slain by a goblin

Illustrated notes

Levels and vault maps discovered:
D:1:      psy_arrival_fountain, layout_basic, basic_ecumenical_altar,
          minmay_bisected
D:2:      layout_loops_cross, basic_altar, uniq_robin, uniq_natasha,
          uniq_sigmund

Skill      XL: |  1  2  3 |
---------------+----------+-----
Stealth        | 3 |  3.2
Fighting       | |  0.1
Dodging        | |  2.6
Unarmed Combat | |  0.8
Spellcasting   | |  2.7
Summonings     | |  4.4

Action                   || total
-------------------------++-------
Melee: Unarmed           ||    82
 Cast: Summon Small Mamm ||    46
 Stab: Sleeping          ||     6
       Distracted        ||     2
Armor: Robe              ||    20
Dodge: Dodged            ||   105
